 Dungeon Crawl Stone Soup version 0.30-a0-141-g30f27751c5 (webtiles) character file.

Game seed: 13190176320259166570

969 qw the Chopper (level 8, 0/49 HPs)
             Began as a Gargoyle Fighter on Sept 25, 2022.
             Slain by a wight
             ... wielding a +0 dagger
              (6 damage)
             ... on level 6 of the Dungeon.
             The game lasted 00:02:06 (4951 turns).

qw the Chopper (Gargoyle Fighter)                   Turns: 4951, Time: 00:02:07

Health: 0/49       AC: 19    Str: 23    XL:     8   Next: 16%
Magic:  8/8        EV:  7    Int:  8    God:
Gold:   345        SH:  9    Dex:  9    Spells: 7/7 levels left

rFire   . . .      SeeInvis .    Y - +0 war axe
rCold   . . .      Faith    .    c - +0 buckler
rNeg    + . .      Spirit   .    a - +0 chain mail
rPois   inf        Reflect  +    n - +0 helmet
rElec   +          Harm     .    (no cloak)
rCorr   .          Rampage  .    k - +2 pair of gloves
Will    +....                    (no boots)
Stlth   ..........               g - amulet of reflection
HPRegen 0.16/turn                v - ring of willpower
MPRegen 0.11/turn                y - +4 ring of slaying {mikee}

@: about to teleport
A: sickness immunity, AC +5, negative energy resistance 1, electricity
resistance, torment resistance 1, petrification resistance
a: no special abilities


You were on level 6 of the Dungeon.
You visited 2 branches of the dungeon, and saw 7 of its levels.

You collected 345 gold pieces.


Innate Abilities, Weirdness & Mutations

You are immune to sickness and miasma.
Your stone body is resilient. (AC +5)
You are immune to poison.
You resist negative energy. (rN+)
You are resistant to electric shocks. (rElec)
You are resistant to unholy torment.
You are immune to petrification.


   Skills:
 - Level 5.1 Fighting
 + Level 7.2 Axes
 - Level 2.3 Throwing
 - Level 3.2 Armour
 - Level 1.0 Dodging
 - Level 3.2 Shields


You had 7 spell levels left.
You didn't know any spells.
Your spell library was empty.

Inventory:

Hand Weapons
 t - a +0 flail
 Y - a +0 war axe (weapon)
Missiles
 s - 4 javelins (quivered)
Armour
 a - a +0 chain mail (worn)
 c - a +0 buckler (worn)
 k - a +2 pair of gloves (worn)
 n - a +0 helmet (worn)
Jewellery
 g - an amulet of reflection (around neck)
 h - a ring of ice
 o - a ring of positive energy
 v - a ring of willpower (left hand)
 x - a ring of resist corrosion
 y - a +4 ring of slaying (right hand) {mikee}
Scrolls
 b - 2 scrolls of teleportation
 f - a scroll of vulnerability {unknown}
 r - 2 scrolls of identify
Potions
 d - 2 potions of might
 e - a potion of heal wounds
 i - a potion of haste {unknown}
 j - 2 potions of attraction
 l - 2 potions of brilliance {unknown}
 m - 2 potions of curing
 p - a potion of magic {unknown}
 q - 2 potions of cancellation

Dungeon Overview and Level Annotations

Branches:
Dungeon (6/15)             Temple (1/1) D:4

Altars:
Ashenzari
Cheibriados
Fedhas
Gozag
Kikubaaqudgha
Makhleb
Nemelex Xobeh
Qazlal
Ru
Sif Muna
Trog
Uskayaw
Vehumet
Wu Jian
The Shining One

Annotations:
D:6 Menkaure


Message History

The wight hits you but does no damage. Menkaure casts a spell at you.
You resist with some effort.
You closely miss the wight.
The wight is moderately damaged.
You hit Menkaure. Menkaure hits you but does no damage.
The wight hits you but does no damage. x2
Menkaure whispers, "It doesn't hurt if you pull your brain out of your nose yourself."
You block Menkaure's attack.
You hit Menkaure.
Menkaure is heavily damaged.
You barely miss the wight. You block Menkaure's attack.
The wight closely misses you. The wight hits you but does no damage.
You barely miss Menkaure.
Menkaure is heavily damaged.
You hit the wight but do no damage. You block Menkaure's attack.
The wight hits you with a +0 dagger. The wight hits you but does no damage.
You barely miss Menkaure.
Menkaure is heavily damaged.
You slash the wight! Menkaure hits you. The wight closely misses you.
You block the wight's attack. Menkaure hits you!
You hit the wight but do no damage.
The wight is almost destroyed.
You barely miss Menkaure. The wight hits you but does no damage.
You block the wight's attack.
Menkaure calls on the powers of darkness!
Your body is wracked with pain!
You barely miss the wight.
The wight is severely damaged.
You hit Menkaure. Menkaure hits you but does no damage.
The wight hits you with a +0 dagger. You block the wight's attack.
Menkaure hits you!
4951 ||| READING 3 scrolls of teleportation.
As you read the scroll of teleportation, it crumbles to dust.
You feel strangely unstable. The wight hits you with a +0 dagger.
You die...

###### ####.....
........#
###?..#M####...
#....z.@.......
#.#...#z####... ##. #.#
#. #.# ##> #.# .##. #.#
#####.##.##.# ..
#....[##.~..# #..#
.#####.#[#####~..#~~..#


You could see Menkaure (fast) and 2 wights.

Vanquished Creatures
  A black bear (D:5)
  An ogre (D:5)
  A sky beast (D:6)
  Blork the orc (D:6)
  2 scorpions
  A howler monkey (D:4)
  3 hounds
  An orc priest (D:4)
  A jelly (D:5)
  An iguana (D:6)
  4 orc wizards
  3 gnolls (D:4)
  4 adders
  A shadow imp (D:5)
  An ufetubus (D:5)
  An adder skeleton (D:3)
  2 worms
  4 dart slugs
  7 orcs
  13 ball pythons
  7 endoplasms
  3 giant cockroaches
  6 goblins
  10 hobgoblins
  19 jackals
  6 quokkas
  10 bats
  5 frilled lizards
  11 kobolds
  6 rats
136 creatures vanquished.

Vanquished Creatures (others)
  2 withered plants (D:3)
2 creatures vanquished.

Grand Total: 138 creatures vanquished

Notes
Turn   | Place    | Note
-------+----------+-------------------------------------------
     0 | D:1      | qw the Gargoyle Fighter began the quest for the Orb.
     0 | D:1      | Reached XP level 1. HP: 14/14 MP: 1/1
     0 | D:1      | 0 ||| qw: Version: 0.2-a-9-ge00f85e
     0 | D:1      | 0 ||| qw: Game counter: 95
     0 | D:1      | 0 ||| qw: Always use a shield: true
     0 | D:1      | 0 ||| qw: God list: Okawaru
     0 | D:1      | 0 ||| qw: Allow faded altars: false
     0 | D:1      | 0 ||| qw: Do Orc after D:15 true
     0 | D:1      | 0 ||| qw: Do second Lair branch before Depths: true
     0 | D:1      | 0 ||| qw: Lair rune preference: random
     0 | D:1      | 0 ||| qw: Plans: Normal, Zot:1-4, God:TSO, Crypt, Tomb,
                  | Pan, Slime:5, Hells, Abyss, Orb
     0 | D:1      | 0 ||| PLANNING D:1-11
    52 | D:1      | Reached skill level 2 in Axes
   227 | D:1      | Reached XP level 2. HP: 18/19 MP: 2/2
   262 | D:1      | 262 ||| DROPPING +0 club.
   287 | D:1      | 287 ||| Stepping ~*~*~tactically~*~*~ (stealth).
   288 | D:1      | 288 ||| Stepping ~*~*~tactically~*~*~ (stealth).
   299 | D:1      | Reached skill level 3 in Axes
   303 | D:1      | Reached XP level 3. HP: 17/23 MP: 3/3
   557 | D:1      | 557 ||| Stepping ~*~*~tactically~*~*~ (stealth).
   559 | D:1      | 559 ||| Stepping ~*~*~tactically~*~*~ (stealth).
   573 | D:1      | 573 ||| Stepping ~*~*~tactically~*~*~ (stealth).
   574 | D:1      | 574 ||| Stepping ~*~*~tactically~*~*~ (stealth).
   797 | D:1      | 797 ||| Stepping ~*~*~tactically~*~*~ (stealth).
   836 | D:1      | 836 ||| Stepping ~*~*~tactically~*~*~ (stealth).
   883 | D:1      | 883 ||| UPGRADING to +2 pair of gloves.
   888 | D:1      | 888 ||| UPGRADING to +0 helmet.
   893 | D:1      | 893 ||| UPGRADING to amulet of reflection.
   898 | D:1      | 898 ||| READING scroll labelled ONUYSH KEPAGI.
   899 | D:1      | 899 ||| READING scroll labelled HOTZIGGAUBBINT.
   900 | D:1      | 900 ||| READING scroll labelled ZUSHRE YHIOWKEGG.
   976 | D:2      | 976 ||| Stepping ~*~*~tactically~*~*~ (hiding).
  1072 | D:2      | 1072 ||| Stepping ~*~*~tactically~*~*~ (stealth).
  1206 | D:2      | Reached XP level 4. HP: 28/28 MP: 4/4
  1223 | D:2      | 1223 ||| Stepping ~*~*~tactically~*~*~ (stealth).
  1244 | D:2      | 1244 ||| Stepping ~*~*~tactically~*~*~ (stealth).
  1253 | D:2      | Reached skill level 4 in Axes
  1302 | D:2      | 1302 ||| Stepping ~*~*~tactically~*~*~ (hiding).
  1315 | D:2      | Reached skill level 1 in Throwing
  1315 | D:2      | 1315 ||| FLEEEEING.
  1316 | D:2      | 1316 ||| FLEEEEING.
  1317 | D:2      | 1317 ||| FLEEEEING.
  1318 | D:2      | 1318 ||| FLEEEEING.
  1319 | D:2      | 1319 ||| FLEEEEING.
  1368 | D:2      | Reached XP level 5. HP: 17/32 MP: 5/5
  1578 | D:2      | Found a faded altar of an unknown god.
  1582 | D:2      | 1582 ||| Stepping ~*~*~tactically~*~*~ (stealth).
  1631 | D:2      | 1631 ||| DROPPING +0 whip.
  1891 | D:2      | 1891 ||| DROPPING amulet of the acrobat.
  1892 | D:2      | 1892 ||| UPGRADING to ring of resist corrosion.
  1893 | D:2      | 1893 ||| READING scroll labelled ZAIDWE XYKUL.
  1894 | D:2      | 1894 ||| READING scroll labelled WAIRCH AWKUY.
  1895 | D:2      | 1895 ||| READING scroll labelled LOUMIM UCY XOR.
  1896 | D:2      | 1896 ||| READING scroll labelled BOUCUCHAOGIBB.
  1897 | D:2      | 1897 ||| DRINKING 2 blue potions.
  1912 | D:3      | 1912 ||| STAIRDANCE
  1917 | D:3      | 1917 ||| STAIRDANCE
  1924 | D:3      | 1924 ||| STAIRDANCE
  1961 | D:3      | 1961 ||| STAIRDANCE
  2133 | D:3      | 2133 ||| Stepping ~*~*~tactically~*~*~ (stealth).
  2192 | D:3      | 2192 ||| Stepping ~*~*~tactically~*~*~ (stealth).
  2288 | D:3      | 2288 ||| Stepping ~*~*~tactically~*~*~ (hiding).
  2290 | D:3      | 2290 ||| Stepping ~*~*~tactically~*~*~ (hiding).
  2561 | D:3      | Identified the +9 falchion of Igram {freeze, rF+ Stlth+}
  2624 | D:3      | 2624 ||| UPGRADING to +0 chain mail.
  2634 | D:3      | 2634 ||| DROPPING +0 scale mail.
  2635 | D:3      | 2635 ||| UPGRADING to ring of willpower.
  2636 | D:3      | 2636 ||| UPGRADING to ring of willpower.
  2638 | D:3      | 2638 ||| UPGRADING to +4 ring of slaying {mikee}.
  2640 | D:3      | 2640 ||| DROPPING ring of willpower.
  2641 | D:3      | 2641 ||| READING scroll labelled JOR KAEMAUDI.
  2646 | D:3      | 2646 ||| READING scroll labelled KEOSSU EDACI.
  2647 | D:3      | 2647 ||| DRINKING 2 fizzy orange potions.
  2671 | D:4      | Found a staircase to the Ecumenical Temple.
  2672 | D:4      | 2672 ||| PLANNING TEMPLE
  2673 | D:4      | 2673 ||| FLEEEEING.
  2674 | D:4      | 2674 ||| FLEEEEING.
  2675 | D:4      | 2675 ||| FLEEEEING.
  2677 | D:4      | 2677 ||| STAIRDANCE
  2681 | D:4      | 2681 ||| STAIRDANCE
  2685 | D:4      | 2685 ||| STAIRDANCE
  2689 | D:4      | 2689 ||| STAIRDANCE
  2832 | D:4      | 2832 ||| FLEEEEING.
  2833 | D:4      | 2833 ||| FLEEEEING.
  2834 | D:4      | 2834 ||| FLEEEEING.
  2835 | D:4      | 2835 ||| FLEEEEING.
  2836 | D:4      | 2836 ||| FLEEEEING.
  2837 | D:4      | 2837 ||| STAIRDANCE
  2841 | D:4      | 2841 ||| STAIRDANCE
  2845 | D:4      | 2845 ||| STAIRDANCE
  2851 | D:3      | Reached skill level 5 in Axes
  2873 | D:4      | 2873 ||| FLEEEEING.
  2874 | D:4      | 2874 ||| FLEEEEING.
  2875 | D:4      | 2875 ||| STAIRDANCE
  2879 | D:4      | 2879 ||| STAIRDANCE
  2886 | D:4      | 2886 ||| FLEEEEING.
  2887 | D:4      | 2887 ||| FLEEEEING.
  2888 | D:4      | 2888 ||| STAIRDANCE
  2968 | D:4      | 2968 ||| STAIRDANCE
  2974 | D:3      | Reached XP level 6. HP: 35/38 MP: 6/6
  2996 | D:4      | 2996 ||| STAIRDANCE
  3000 | D:4      | 3000 ||| STAIRDANCE
  3056 | D:4      | 3056 ||| FLEEEEING.
  3057 | D:4      | 3057 ||| FLEEEEING.
  3058 | D:4      | 3058 ||| FLEEEEING.
  3059 | D:4      | 3059 ||| FLEEEEING.
  3062 | D:4      | 3062 ||| STAIRDANCE
  3066 | D:4      | 3066 ||| STAIRDANCE
  3070 | D:4      | 3070 ||| STAIRDANCE
  3074 | D:4      | 3074 ||| STAIRDANCE
  3078 | D:4      | 3078 ||| STAIRDANCE
  3082 | D:4      | 3082 ||| STAIRDANCE
  3086 | D:4      | 3086 ||| STAIRDANCE
  3103 | Temple   | Entered the Ecumenical Temple
  3154 | Temple   | 3154 ||| PLANNING D:1-11
  3256 | D:4      | 3256 ||| Stepping ~*~*~tactically~*~*~ (stealth).
  3641 | D:4      | 3641 ||| DRINKING 2 lumpy orange potions.
  3642 | D:4      | 3642 ||| DRINKING 2 coppery potions.
  3643 | D:4      | 3643 ||| DRINKING 2 emerald potions.
  3748 | D:4      | 3748 ||| DROPPING potion of berserk rage.
  3772 | D:5      | Entered Level 5 of the Dungeon
  3788 | D:5      | Reached skill level 6 in Axes
  3788 | D:5      | Reached XP level 7. HP: 43/43 MP: 7/7
  3875 | D:5      | 3875 ||| Stepping ~*~*~tactically~*~*~ (hiding).
  3885 | D:5      | Reached skill level 1 in Dodging
  4477 | D:5      | Reached skill level 7 in Axes
  4734 | D:5      | 4734 ||| READING 3 scrolls labelled JECE BO QIDGH.
  4735 | D:5      | 4735 ||| READING 2 scrolls of identify.
  4735 | D:5      | 4735 ||| IDENTIFYING silvery potion
  4736 | D:5      | 4736 ||| DROPPING potion of degeneration.
  4785 | D:6      | Noticed Blork the orc
  4786 | D:6      | 4786 ||| Stepping ~*~*~tactically~*~*~ (hiding).
  4798 | D:6      | Killed Blork the orc
  4799 | D:6      | Reached XP level 8. HP: 35/49 MP: 8/8
  4909 | D:6      | 4909 ||| Stepping ~*~*~tactically~*~*~ (stealth).
  4936 | D:6      | Noticed Menkaure
  4950 | D:6      | HP: 6/49 [Menkaure (11)]
  4951 | D:6      | 4951 ||| READING 3 scrolls of teleportation.
  4951 | D:6      | Slain by a wight

Levels and vault maps discovered:
D:1:      minmay_arrival_hallway, layout_basic
D:2:      layout_loops_ring, hellmonk_ecumenical_altar_lost_god
D:3:      layout_rooms, serial_undead, serial_undead_f, serial_undead_d,
          serial_undead_b, serial_undead_d, minmay_circle_x
D:4:      layout_cave_pools, minmay_temple_entry_mist, serial_column_ruins,
          column_ruins_corridor_straight, column_ruins_corridor_straight,
          column_ruins_grid_1, column_ruins_grid_3
D:5:      layout_basic, nicolae_figureground_pulse
D:6:      layout_loops_ring, chequers_temple_overflow_minitemple, serial_rivers,
          chequers_serial_rivers_large_a, chequers_serial_rivers_micro_e,
          chequers_serial_rivers_large_b, chequers_serial_rivers_micro_c,
          chequers_serial_rivers_small_b, grunt_decor_mini_mirrors,
          chequers_serial_rivers_small_b, uniq_crazy_yiuf_cottage,
          uniq_menkaure, uniq_blork_the_orc
Temple:   eino_wide_crystal_templ

Skill      XL: |  1  2  3  4  5  6  7  8 |
---------------+-------------------------+-----
Axes           | 2 3 4 5 6 7 |  7.2
Throwing       | 1 2 |  2.3
Fighting       | 4 5 |  5.1
Dodging        | 1 |  1.0
Armour         | |  3.2
Shields        | |  3.2

Action                   |  1- 3 |  4- 6 |  7- 9 || total
-------------------------+-------+-------+-------++-------
Melee: War axe           |    96 |   164 |    72 ||   332
Throw: Javelin           |       |    38 |    16 ||    54
  Use: Scroll            |     3 |     6 |     3 ||    12
       Potion            |       |     5 |       ||     5
Armor: Scale mail        |    48 |    84 |       ||   132
       Chain mail        |       |    29 |    44 ||    73
Dodge: Dodged            |    53 |    59 |    17 ||   129
Block: Buckler           |    19 |    76 |    49 ||   144
       Reflection        |     1 |     5 |       ||     6

Table legend:
 A = Non-vault XP
 B = Vault XP
 C = Vault XP percentage of total XP
 D = Non-vault monster count
 E = Vault monster count
 F = Vault count percentage of total count
                 A         B        C        D         E       F
            +---------+---------+-------+---------+---------+-------
      Total |    1278 |     107 |   7.7 |     129 |       7 |   5.1
            +---------+---------+-------+---------+---------+-------
        D:1 |      69 |       0 |   0.0 |      40 |       0 |   0.0
        D:2 |     125 |       8 |   6.0 |      34 |       3 |   8.1
        D:3 |     190 |       9 |   4.5 |      21 |       3 |  12.5
        D:4 |     196 |       0 |   0.0 |      13 |       0 |   0.0
        D:5 |     515 |       0 |   0.0 |      18 |       0 |   0.0
        D:6 |     183 |      90 |  33.0 |       3 |       1 |  25.0
            +---------+---------+-------+---------+---------+-------
